AoeStats
← Lag

Nomad

510222689Analyzed
4v4 RM · 2d ago on Sep 30, 2026· 50m 37s· 8 players
Game mode
Random Map
Map size
231×231
Population
200
Speed
Normal
Resources
Standard
Victory
Conquest
Starting age
Dark Age
Ending age
Imperial Age
RankedLock teamsTeams togetherTeam positionsShared explorationLock speedFull tech treeHidden civsTurbo modeCheats
Victory
Defeat
🇺🇸 Franks · United States
769
+13
🇲🇽 Goths · Mexico
566
+21
🇺🇸 Malay · United States
549
+22
🇳🇿 Wu · New Zealand
547
+22
🇨🇴 Vikings · Colombia
701
-20
🇺🇸 Varangians · United States
686
-20
🇺🇸 Persians · United States
685
-20
🇨🇱 Britons · Chile
656
-18
eric.ashmore
16:54 Feudal Age
18:34 Wheelbarrow
29:38 Double-Bit Axe
29:38 Horse Collar
38:55 Castle Age
39:35 Stone Mining
41:39 Bow Saw
41:30 Gold Mining
46:15 Heavy Plow
48:55 Imperial Age
46:44 Hand Cart
RESIST
4:08 Loom
21:36 Feudal Age
22:26 Double-Bit Axe
24:36 Wheelbarrow
30:56 Castle Age
29:55 Stone Mining
29:55 Gold Mining
31:54 Bow Saw
32:35 Stone Shaft Mining
31:45 Horse Collar
34:29 Crossbowman
40:04 Kamandaran
40:26 Hand Cart
47:12 Thumb Ring
50:49 Imperial Age
48:11 Town Watch
49:16 Scale Mail Armor
49:16 Padded Archer Armor
6X_Kanna_X6
4:14 Loom
23:35 Feudal Age
24:57 Double-Bit Axe
25:06 Stone Mining
25:06 Gold Mining
28:55 Castle Age
27:23 Gold Mining
29:51 Pikeman
30:31 Squires
30:17 Arson
30:47 Bow Saw
30:59 Forging
32:02 Wheelbarrow
33:32 Scale Mail Armor
33:39 Scale Barding Armor
40:34 Light Cavalry
42:48 Hand Cart
42:19 Town Watch
43:22 Yeomen
45:04 Husbandry
50:14 Chain Mail Armor
50:20 Chain Barding Armor
50:00 Padded Archer Armor
49:53 Fletching
piambamaster
5:49 Loom
18:06 Feudal Age
18:47 Double-Bit Axe
21:05 Fishing Lines
24:51 Castle Age
28:51 Pikeman
30:32 Bow Saw
35:01 Fletching
K1NGlogman
20:47 Feudal Age
20:33 Double-Bit Axe
20:47 Fishing Lines
22:04 Horse Collar
30:53 Castle Age
29:35 Scale Barding Armor
29:42 Forging
30:34 Light Cavalry
31:25 Husbandry
31:19 Light Cavalry
32:02 Husbandry
43:20 Imperial Age
42:09 Elite Battle Elephant
43:34 Iron Casting
45:03 Bow Saw
45:31 Wheelbarrow
44:44 Loom
45:41 Gillnets
46:11 Heavy Plow
49:32 Blast Furnace
UBERBULLET
16:18 Feudal Age
18:15 Wheelbarrow
18:27 Double-Bit Axe
21:54 Castle Age
21:39 Scale Barding Armor
21:45 Forging
22:21 Fletching
23:24 Bow Saw
25:59 Stone Mining
35:30 Hand Cart
36:11 Gold Mining
43:19 Imperial Age
42:22 Bodkin Arrow
43:03 Iron Casting
42:29 Padded Archer Armor
42:46 Masonry
42:33 Murder Holes
47:08 Ordonnance Companies
49:45 Capped Ram
vanok.oficial
20:42 Feudal Age
19:21 Loom
21:08 Double-Bit Axe
21:33 Gold Mining
25:20 Wheelbarrow
29:48 Castle Age
27:35 Horse Collar
30:40 Forging
39:50 Iron Casting
40:50 Bow Saw
41:51 Hand Cart
41:09 Light Cavalry
43:31 Heavy Plow
48:06 Imperial Age
45:26 Town Watch
49:05 Hussar
Lag
26:58 Loom
33:54 Loom
40:14 Feudal Age
40:55 Horse Collar
46:17 Double-Bit Axe
Connection lost

Rejoining the realm…

Still unreachable

The connection could not be restored.

Session expired

The server has moved on; the page needs a fresh start.